 Dungeon Crawl Stone Soup version 0.23.1 (webtiles) character file.

Game seed: 12658252142597695576

33 Borgoz the Sneak (level 3, 0/27 HPs)
             Began as a Ghoul Enchanter on Mar 3, 2019.
             Slain by a quokka (1 damage)
             ... on level 2 of the Dungeon.
             The game lasted 00:01:36 (792 turns).

Borgoz the Sneak (Ghoul Enchanter)                   Turns: 792, Time: 00:01:36

Health: 0/27       AC:  6    Str: 11    XL:     3   Next: 29%
Magic:  4/4        EV:  9    Int: 10    God:
Gold:   63         SH:  0    Dex: 10    Spells: 4/5 levels left

rFire    . . .     SeeInvis .   a - +1 dagger
rCold    + . .     Gourm    .   (no shield)
rNeg     + + +     Faith    .   c - +0 scale mail
rPois    ∞         Spirit   .   (no helmet)
rElec    .         Reflect  .   (no cloak)
rCorr    .         Harm     .   (no gloves)
MR       .....                  (no boots)
Stlth    +.........             (no amulet)
HPRegen  0.00/turn              (no ring)
MPRegen  0.09/turn              (no ring)

@: very slightly contaminated, rotting, invisible
A: rotting body, claws 1, carnivore, cold resistance 1, negative energy
resistance 3, inhibited regeneration, torment resistance, unbreathing
a: no special abilities


You were on level 2 of the Dungeon.
You were not hungry.

You visited 1 branch of the dungeon, and saw 2 of its levels.

You collected 63 gold pieces.

Inventory:

Hand Weapons
 a - a +1 dagger (weapon)
Armour
 c - a +0 scale mail (worn)
Scrolls
 b - a scroll of identify {unknown}
 e - a scroll of random uselessness {unknown}
 g - a scroll of immolation {unknown}
 h - a scroll of blinking {unknown}
 i - a scroll of magic mapping {unknown}
 j - a scroll of fog {unknown}
 k - 2 scrolls of teleportation
Potions
 l - a potion of curing {unknown}
 m - a potion of haste {unknown}
 n - a potion of degeneration {unknown}
Comestibles
 d - 4 rations
 f - 4 chunks of flesh


   Skills:
 + Level 0.8 Fighting
 * Level 1.3 Short Blades
 + Level 0.6 Armour
 * Level 2.2 Dodging
 + Level 3.4 Stealth
 + Level 1.9 Spellcasting
 + Level 2.5 Hexes


You had 4 spell levels left.
You knew the following spells:

 Your Spells              Type           Power        Failure   Level  Hunger
a - Corona                Hex            #......      56%         1    ##.....

Your spell library contained the following spells:

 Spells                   Type           Power        Failure   Level  Hunger
 Ensorcelled Hibernation  Hex/Ice        #.....       86%         2    ###....
 Confuse                  Hex            #.......     90%         3    ####...
 Tukima's Dance           Hex            #.......     90%         3    ####...
 Dazzling Spray           Conj/Hex       #.....       98%         3    ####...


Dungeon Overview and Level Annotations

Branches:
Dungeon (2/15)

Altars:


Innate Abilities, Weirdness & Mutations

Your body is rotting away.
You thrive on raw meat.
You are immune to poison.
You have sharp fingernails.
You are carnivorous and can eat meat at any time.
Your flesh is cold resistant. (rC+)
You are immune to negative energy. (rN+++)
You do not regenerate when monsters are visible.
You are immune to unholy pain and torment.
You can survive without breathing.


Message History

You hit the adder.
The adder is moderately wounded.
The quokka bites you but does no damage.
The adder bites you.
* * * LOW HITPOINT WARNING * * *
The quokka bites you but does no damage.
You closely miss the adder.
The adder is moderately wounded.
The adder bites you.
* * * LOW HITPOINT WARNING * * *
The quokka barely misses you.
It was a potion of invisibility.
You fade into invisibility!
The adder closely misses you. The quokka closely misses you.
The adder barely misses you.
You are very lightly contaminated with residual magic.
It was a potion of lignification.
You feel woody for a moment. The quokka closely misses you.
The adder barely misses you. The quokka bites you.
You die...

.. # .# .##.#
....# ##...
... ######.###
#.....Sr.##.##
#.....@......#
#......<.#####
##########


You could see an adder and a quokka.

Vanquished Creatures
  An ooze (D:1)
  A worm (D:2)
  2 giant cockroaches (D:1)
  A hobgoblin (D:1)
  4 jackals (D:1)
  2 kobolds (D:1)
  6 bats (D:1)
  2 frilled lizards (D:1)
  5 goblins
  2 rats (D:1)
26 creatures vanquished.

Notes
Turn   | Place    | Note
-------+----------+-------------------------------------------
     0 | D:1      | Borgoz the Ghoul Enchanter began the quest for the Orb.
     0 | D:1      | Reached XP level 1. HP: 14/14 MP: 2/2
   149 | D:1      | Reached skill level 1 in Short Blades
   282 | D:1      | Reached XP level 2. HP: 18/20 MP: 3/3
   489 | D:1      | Reached XP level 3. HP: 16/27 MP: 4/4
   789 | D:2      | HP: 1/27 [adder (1)]
   792 | D:2      | Slain by a quokka

Skill      XL: |  1  2 |
---------------+-------+-----
Short Blades   | 1 |  1.3
Dodging        | 2 |  2.2
Fighting       | |  0.8
Armour         | |  0.6
Stealth        | |  3.4
Spellcasting   | |  1.9
Hexes          | |  2.5

Action                   || total
-------------------------++-------
Melee: Dagger            ||   128
  Use: Potion            ||     2
       Scroll            ||     1
  Eat: Chunk             ||     5
Armor: Scale mail        ||   101
Dodge: Dodged            ||    75
